 Dungeon Crawl Stone Soup version 0.19.4-8-ga85b6b9 (webtiles) character file.

189652 Naow the Tortoise (level 17, -1/168 HPs)
             Began as a Minotaur Berserker on Feb 13, 2017.
             Was a High Priest of Trog.
             Shot with a bolt by Vashnia (20 damage)
             ... on level 3 of the Snake Pit.
             The game lasted 01:03:08 (33466 turns).

Naow the Tortoise (Minotaur Berserker)             Turns: 33466, Time: 01:03:09

Health: -1/168     AC: 30    Str: 32    XL:     17   Next: 51%
Magic:  16/16      EV: 20    Int:  4    God:    Trog [*****.]
Gold:   3413       SH:  0    Dex: 10    Spells: 0 memorised, 16 levels left

rFire  . . .     SeeInvis .     T - +4 battleaxe (flame)
rCold  . . .     Gourm    .     m - +0 swamp dragon scales
rNeg   . . .     Faith    .     (shield currently unavailable)
rPois  +         Spirit   .     (helmet restricted)
rElec  .         Reflect  .     L - +2 cloak
rCorr  .         Harm     .     e - +2 pair of gloves {Str+3}
MR     +++..                    k - +2 pair of boots {Fly}
Stlth  ..........               N - amulet of regeneration
                                S - +4 ring of evasion
                                z - +3 ring of protection

@: exhausted, flying, starving, regenerating, slowed, very slow
A: retaliatory headbutt, horns 2, thin metallic scales 1
a: Berserk, Trog's Hand, Brothers in Arms, Burn Spellbooks, Renounce Religion,
Stop Flying
}: 1/15 runes: decaying


You were on level 3 of the Snake Pit.
You worshipped Trog.
Trog was extremely pleased with you.
You were starving.

You visited 5 branches of the dungeon, and saw 30 of its levels.

You collected 3413 gold pieces.

Inventory:

Hand Weapons
 T - a +4 battleaxe of flaming (weapon)
 Y - a +4 antimagic executioner's axe
Armour
 e - a +2 pair of gloves of strength (worn)
 k - a +2 pair of boots of flying (worn)
 m - +0 swamp dragon scales (worn)
 B - a +0 crystal plate armour
 L - a +2 cloak (worn)
Jewellery
 a - an uncursed ring of protection from fire
 i - an uncursed ring of resist corrosion
 y - the ring "Iteop" {rN+ Str+4 SInv}
   (You found it on level 11 of the Dungeon)

   [ring of strength]

   It affects your strength (+4).
   It protects you from negative energy.
   It lets you see invisible.
 z - a +3 ring of protection (left hand)
 H - an uncursed ring of protection from magic
 N - an amulet of regeneration (around neck)
 S - a +4 ring of evasion (right hand)
Wands
 b - a wand of digging (10/24)
 r - a wand of heal wounds (7/9)
 R - a wand of teleportation (5/9)
 U - a wand of disintegration (10/24)
Scrolls
 h - 7 scrolls of identify
 j - 20 scrolls of remove curse
 t - 4 scrolls of magic mapping
 u - 3 scrolls of enchant armour
 w - 8 scrolls of teleportation
 x - 2 scrolls of recharging
 C - 4 scrolls of fog
 F - 4 scrolls of enchant weapon
 P - a scroll of fear
 X - 3 scrolls of blinking
Potions
 d - 3 potions of brilliance
 f - 2 potions of cancellation
 l - 12 potions of curing
 o - 6 potions of magic
 q - 6 potions of agility
 s - 2 potions of cure mutation
 v - a potion of resistance
 A - 7 potions of heal wounds
 D - 2 potions of berserk rage
 E - 2 potions of haste
 G - 4 potions of lignification
 I - 3 potions of invisibility
 Q - a potion of ambrosia
 V - 4 potions of might
Books
 M - a book of the Sky

   Spells                             Type                      Level
   a - Summon Lightning Spire         Summoning/Air                4
   b - Airstrike                      Air                          4
   c - Silence                        Hexes/Air                    5
   d - Deflect Missiles               Charms/Air                   6
   e - Conjure Ball Lightning         Conjuration/Air              6
   f - Tornado                        Air                          9
   Trog disapproves of the use of such an item.
 O - a book of Beasts

   Spells                             Type                      Level
   a - Summon Butterflies             Summoning                    1
   b - Call Canine Familiar           Summoning                    3
   c - Summon Ice Beast               Ice/Summoning                4
   d - Summon Mana Viper              Hexes/Summoning              5
   e - Summon Hydra                   Summoning                    7
   Trog disapproves of the use of such an item.
Comestibles
 c - 14 bread rations
 g - 11 slices of pizza
 n - 17 meat rations
 p - 9 beef jerkies
 J - a royal jelly
 K - 17 fruits


   Skills:
 - Level 19.2 Fighting
 - Level 20.0 Axes
 + Level 20.2 Armour
 - Level 11.5 Dodging


You had 16 spell levels left.
You didn't know any spells.

Dungeon Overview and Level Annotations

Branches:
Dungeon (15/15)            Temple (0/1) D:5            Lair (6/6) D:11
  Swamp (4/4) Lair:2        Snake (3/4) Lair:2        Slime (0/5) Lair:6
    Orc (2/2) D:10            Elf (0/3) Orc:2        Vaults (0/5) D:14
 Depths (0/5) D:15

Altars:
Elyvilon
Hepliaklqana
Makhleb
Yredelemnul
Jiyva

Shops:
D:5 *   D:7 =?%=(   D:10 (   Orc:1 [   Orc:2 :(?%

Portals:
Hell: Lair:6

Annotations:
Lair:6 1 runed door
Snake:3 Vashnia


Innate Abilities, Weirdness & Mutations

You reflexively headbutt those who attack you in melee.
You have a pair of horns on your head.
You are partially covered in thin metallic scales. (AC +2)


Message History

You feel yourself slow down.
The naga sharpshooter spits poison at you.
The splash of poison misses you.
Vashnia shoots a bolt.
The bolt hits you!!
* * * LOW HITPOINT WARNING * * *
The naga sharpshooter shoots a bolt.
The bolt hits you!
* * * LOW HITPOINT WARNING * * *
The naga spits poison at you. The splash of poison hits you! You resist.
The naga sharpshooter spits poison at you.
The splash of poison hits you! You resist.
The naga sharpshooter shoots an arrow.
The arrow hits you.
* * * LOW HITPOINT WARNING * * *
The naga sharpshooter gestures wildly while chanting.
The naga sharpshooter magically shoots an arrow.
The arrow hits you!
* * * LOW HITPOINT WARNING * * *
The naga misses you. The naga completely misses you.
Vashnia shoots a bolt.
The bolt hits you!!
You die...

.....# .....# .....# .
.....# .. ###### ...
############# ....
............#######.....
...............N.N......
............(N((@ยง......
######..(.(......N......
######...(?......N......
(.......(...............
........................
.(.......(..#######.....
.....######## #....
.....#### .... .........


You could see Vashnia, 3 naga sharpshooters and a naga.

Vanquished Creatures
  the Lernaean hydra (Swamp:4)
  Jorgrun (Swamp:3)
  2 thorn hunters
  2 nagarajas
  A very ugly thing (Swamp:3)
  A dire elephant (Lair:6)
  An ettin (Orc:1)
  5 ogre magi
  2 fire dragons (D:15)
  19 hydras
  Fannar (Orc:1)
  2 vault guards (D:14)
  9 naga warriors
  2 ghost crabs (Swamp:3)
  10 alligators
  3 anacondas (Snake:2)
  2 centaur warriors
  The ghost of Jerry the Carver, a novice FoFi of Gozag (D:14)
  A naga sharpshooter (Snake:1)
  5 shock serpents
  A tengu warrior (D:14)
  A spriggan berserker (Swamp:2)
  A sun demon (Lair:6)
  An orc high priest (Orc:1)
  The ghost of Ponchio the Nimble, a novice GrFi of Qazlal (D:8)
  Sonja (D:13)
  A fire crab (Lair:6)
  A deep elf knight (Swamp:2)
  3 unseen horrors
  9 swamp dragons
  A spriggan druid (Swamp:2)
  3 wizards
  A shambling mangrove (Swamp:3)
  A naga ritualist (Snake:2)
  9 hill giants
  A lindwurm (Lair:2)
  2 orc knights (Orc:1)
  A necromancer (D:14)
  7 ugly things
  2 deep elf magi
  3 mana vipers
  2 orc sorcerers
  3 manticores
  2 salamanders
  2 cyclopes
  5 elephants
  7 naga magi
  3 centaur zombies
  18 black mambas
  A gargoyle (D:13)
  2 guardian serpents
  A smoke demon (Lair:6)
  4 orange demons (Lair:6)
  19 spiny frogs
  2 rime drakes
  8 komodo dragons
  2 kobold demonologists
  A freezing wraith (D:14)
  A hellwing (Lair:6)
  4 ice devils (Lair:6)
  A tengu conjurer (D:14)
  6 trolls
  The ghost of Naow the Cleaver, an amateur MiBe of Trog (D:5)
  2 polar bears (Lair:5)
  16 two-headed ogres
  13 tyrant leeches
  12 hornets
  A two-headed ogre (shapeshifter) (D:15)
  25 slime creatures
  5 bog bodies
  29 blink frogs
  12 hippogriffs
  Sigmund (D:2)
  17 spriggans
  2 shadows
  41 yaks
  3 hogs (D:7)
  15 humans
  5 wraiths
  3 wyverns
  Eustachio (D:4)
  2 hungry ghosts
  2 basilisks (D:13)
  11 vampire mosquitoes
  2 wargs (Orc:1)
  A steam dragon (D:13)
  6 mottled dragons
  14 nagas
  14 insubstantial wisps
  16 swamp worms
  The ghost of ImaNewbie the Twirler, an amateur GrGl (D:4)
  13 water moccasins
  22 orc warriors
  5 sky beasts
  16 porcupines
  13 swamp drakes
  A hornet zombie (D:8)
  3 ice beasts
  An eye of draining (D:9)
  3 black bears
  7 phantoms
  38 ogres
  A necrophage (D:9)
  14 wolves
  3 boggarts (D:13)
  11 centaurs
  9 crocodiles
  3 big kobolds
  17 bullfrogs
  A wyvern zombie (D:14)
  4 scorpions
  6 killer bees (D:12)
  14 wights
  5 howler monkeys
  An electric eel (Lair:1)
  8 crimson imps
  4 bullfrog zombies
  2 quasits
  14 orc priests
  6 centaur skeletons
  4 hounds
  16 orc wizards
  Crazy Yiuf (D:5)
  4 jellies
  Jessica (D:2)
  2 bullfrog skeletons
  7 iguanas
  Natasha (thrice) (D:2)
  13 worker ants
  A hound skeleton (D:4)
  A worker ant zombie (D:7)
  2 howler monkey skeletons
  27 adders
  7 shadow imps
  3 oozes
  An adder zombie (D:5)
  2 adder skeletons
  4 worms
  3 dart slugs (D:1)
  5 leopard geckos
  65 orcs
  3 giant cockroaches
  8 goblins
  5 hobgoblins
  31 jackals
  6 quokkas
  2 ball pythons
  8 bats
  5 frilled lizards
  27 kobolds
  A leopard gecko skeleton (D:4)
  2 quokka skeletons (D:5)
  A quokka zombie (D:5)
  6 rats
  5 briar patches (Swamp:2)
  6 fungi
  A plant (Lair:6)
1023 creatures vanquished.

Vanquished Creatures (collateral kills)
  A vault guard (D:14)
  4 hydras
  A death knight (D:14)
  An alligator (Swamp:2)
  2 spriggans (Swamp:2)
  4 swamp dragons (Swamp:4)
  A spiny frog (Swamp:4)
  An efreet (D:14)
  A red devil (Lair:6)
  2 hornets (Swamp:2)
  4 humans (D:14)
  A vampire mosquito (Swamp:2)
  2 swamp drakes (Swamp:4)
25 creatures vanquished.

Vanquished Creatures (others)
  A naga (Snake:1)
  A fungus (Lair:6)
  A plant (Swamp:2)
  4 toadstools (D:1)
7 creatures vanquished.

Grand Total: 1055 creatures vanquished

Notes
Turn   | Place    | Note
-------+----------+-------------------------------------------
     0 | D:1      | Naow the Minotaur Berserker began the quest for the Orb.
     0 | D:1      | Reached XP level 1. HP: 19/19 MP: 0/0
   172 | D:1      | Reached XP level 2. HP: 19/26 MP: 1/1
   446 | D:1      | Reached skill level 5 in Axes
   503 | D:1      | Reached XP level 3. HP: 20/31 MP: 2/2
   861 | D:1      | Reached ** piety under Trog
  1178 | D:2      | Noticed Natasha
  1181 | D:2      | Reached XP level 4. HP: 36/39 MP: 3/3
  1184 | D:2      | Killed Natasha
  1398 | D:2      | Noticed Sigmund
  1420 | D:2      | Killed Sigmund
  1420 | D:2      | Reached XP level 5. HP: 22/45 MP: 4/4
  1420 | D:2      | Reached XP level 6. HP: 25/51 MP: 5/5
  1762 | D:2      | Noticed Natasha
  1773 | D:2      | Killed Natasha
  1829 | D:2      | Noticed Natasha
  1843 | D:2      | Killed Natasha
  2139 | D:2      | Reached *** piety under Trog
  2284 | D:2      | Noticed Jessica
  2288 | D:2      | Killed Jessica
  3679 | D:4      | Noticed Eustachio
  3693 | D:4      | Killed Eustachio
  3693 | D:4      | Reached XP level 7. HP: 35/57 MP: 6/6
  3823 | D:4      | Reached skill level 10 in Axes
  4151 | D:4      | Found a white marble altar of Elyvilon.
  4319 | D:4      | Noticed ImaNewbie's ghost (amateur GrGl)
  4331 | D:4      | Killed ImaNewbie's ghost
  4806 | D:4      | Reached XP level 8. HP: 60/64 MP: 7/7
  5240 | D:5      | Entered Level 5 of the Dungeon
  5240 | D:5      | Noticed Naow's ghost (amateur MiBe)
  5249 | D:5      | Killed Naow's ghost
  5465 | D:5      | Found a staircase to the Ecumenical Temple.
  5795 | D:5      | Reached **** piety under Trog
  6205 | D:5      | Found Zoplav's General Store.
  6214 | D:5      | Identified the Papyrus of Creative Beguiling
  6450 | D:5      | Found a runed door.
  6594 | D:5      | Noticed Crazy Yiuf
  6601 | D:5      | Killed Crazy Yiuf
  6668 | D:6      | Reached XP level 9. HP: 60/70 MP: 8/8
  7541 | D:6      | Reached skill level 15 in Axes
  8076 | D:7      | Found Boninnir's Antique Weapon Boutique.
  8076 | D:7      | Found Utillao's Magic Scroll Boutique.
  8080 | D:7      | Found Ehad's Jewellery Boutique.
  8080 | D:7      | Found Qugaxzyss's Food Boutique.
  8104 | D:7      | Reached ***** piety under Trog
  8733 | D:7      | Found Yrghixor's Jewellery Boutique.
  8877 | D:7      | Reached XP level 10. HP: 65/77 MP: 9/9
  9108 | D:8      | Noticed Ponchio's ghost (novice GrFi)
  9514 | D:8      | Killed Ponchio's ghost
 10328 | D:9      | Found a basalt altar of Yredelemnul.
 10663 | D:9      | Received a gift from Trog
 10705 | D:9      | Reached skill level 5 in Armour
 10908 | D:9      | Reached XP level 11. HP: 61/82 MP: 3/10
 11381 | D:9      | Identified 2 scrolls of acquirement
 11384 | D:9      | Got a pair of distressingly furry boots
 11395 | D:9      | Identified the -6 pair of boots "Ariegh" {rF+} (You acquired it on level 9 of the Dungeon)
 11519 | D:10     | Entered Level 10 of the Dungeon
 11571 | D:10     | Found a staircase to the Orcish Mines.
 11626 | D:10     | Found Nuar's Weapon Shop.
 12114 | D:10     | Noticed a hill giant
 12129 | D:10     | Killed a hill giant
 12579 | D:11     | Found a staircase to the Lair.
 12638 | D:11     | Got a scintillating pewter ring
 13094 | D:11     | Noticed a hill giant
 13098 | D:11     | Killed a hill giant
 13644 | D:11     | Identified the ring "Iteop" {rN+ Str+4 SInv} (You found it on level 11 of the Dungeon)
 13695 | D:12     | Noticed a green ugly thing
 13703 | D:12     | Killed a green ugly thing
 13836 | D:12     | Noticed a hill giant
 13842 | D:12     | Killed a hill giant
 13916 | D:12     | Noticed a white ugly thing
 13927 | D:12     | Killed a white ugly thing
 13927 | D:12     | Reached skill level 10 in Armour
 14117 | D:12     | Received a gift from Trog
 14143 | D:12     | Noticed a hill giant
 14151 | D:12     | Killed a hill giant
 14382 | D:12     | Noticed a hill giant
 14384 | D:12     | Noticed a white ugly thing
 14390 | D:12     | Noticed a deep elf mage
 14390 | D:12     | Noticed a hill giant
 14391 | D:12     | Noticed a hill giant
 14391 | D:12     | Killed a hill giant
 14391 | D:12     | Reached XP level 12. HP: 90/90 MP: 3/11
 14920 | Lair:1   | Entered Level 1 of the Lair of Beasts
 15886 | Lair:2   | Found a staircase to the Snake Pit.
 15970 | Lair:2   | Reached skill level 5 in Fighting
 16521 | Lair:2   | Found a staircase to the Swamp.
 16611 | Lair:2   | Gained mutation: Scrolls take you a little longer to read. [potion of mutation]
 16611 | Lair:2   | Gained mutation: Your spells are a little harder to cast, but a little more powerful. [potion of mutation]
 16611 | Lair:2   | Gained mutation: You are robust. (+10% HP) [potion of mutation]
 16612 | Lair:2   | Lost mutation: You are robust. (+10% HP) [potion of cure mutation]
 16612 | Lair:2   | Lost mutation: Your spells are a little harder to cast, but a little more powerful. [potion of cure mutation]
 16612 | Lair:2   | Lost mutation: Scrolls take you a little longer to read. [potion of cure mutation]
 16714 | Lair:3   | Reached ****** piety under Trog
 16865 | Lair:3   | Received a gift from Trog
 16970 | Lair:3   | Reached XP level 13. HP: 104/104 MP: 12/12
 19054 | Lair:5   | Reached skill level 10 in Fighting
 19347 | Lair:5   | Reached skill level 15 in Armour
 19366 | Lair:6   | Entered Level 6 of the Lair of Beasts
 19456 | Lair:6   | Found a runed door.
 19458 | Lair:6   | Found a viscous altar of Jiyva.
 19458 | Lair:6   | Found a staircase to the Slime Pits.
 19481 | Lair:6   | Received a gift from Trog
 20081 | Lair:6   | Found a dark tunnel.
 20189 | Lair:6   | Reached XP level 14. HP: 89/124 MP: 13/13
 20408 | Lair:6   | Found a burning altar of Makhleb.
 20437 | Lair:6   | Found a gateway to Hell.
 20965 | Orc:1    | Entered Level 1 of the Orcish Mines
 21104 | Orc:1    | Found Navewn's Antique Armour Shop.
 21112 | Orc:1    | Noticed Fannar
 21125 | Orc:1    | Killed Fannar
 21201 | Orc:1    | Found a burning altar of Makhleb.
 21213 | Orc:1    | Received a gift from Trog
 21522 | Orc:2    | Entered Level 2 of the Orcish Mines
 21529 | Orc:2    | Paralysed by an orc sorcerer for 3 turns
 21835 | Orc:2    | Found a staircase to the Elven Halls.
 22246 | Orc:2    | Received a gift from Trog
 22408 | Orc:2    | Found Noycsul's Book Emporium.
 22468 | Orc:2    | Found Zuadas's Magic Scroll Shop.
 22468 | Orc:2    | Found Sujef's Food Shoppe.
 22468 | Orc:2    | Found Ficullol's Antique Weapon Shop.
 23021 | D:13     | Noticed Sonja
 23030 | D:13     | Killed Sonja
 23100 | D:13     | Received a gift from Trog
 23311 | D:13     | Reached XP level 15. HP: 139/139 MP: 14/14
 23465 | D:13     | You fall through a shaft!
 23566 | D:14     | Found a hazy altar of Hepliaklqana.
 23579 | D:14     | Noticed Jerry's ghost (novice FoFi)
 23584 | D:14     | Killed Jerry's ghost
 23773 | D:14     | Found a gate to the Vaults.
 23880 | D:14     | Reached skill level 15 in Fighting
 24085 | D:14     | Received a gift from Trog
 24879 | D:15     | Entered Level 15 of the Dungeon
 25234 | D:15     | Found a staircase to the Depths.
 26010 | Swamp:1  | Entered Level 1 of the Swamp
 26067 | Swamp:1  | Received a gift from Trog
 26215 | Swamp:1  | Noticed a thorn hunter
 26224 | Swamp:1  | Killed a thorn hunter
 26917 | Swamp:2  | Reached skill level 5 in Dodging
 27065 | Swamp:2  | Reached XP level 16. HP: 154/154 MP: 15/15
 27229 | Swamp:2  | Noticed a thorn hunter
 27239 | Swamp:2  | Killed a thorn hunter
 27733 | Swamp:2  | Received a gift from Trog
 28425 | Swamp:3  | Noticed Jorgrun
 28443 | Swamp:3  | Killed Jorgrun
 29068 | Swamp:4  | Entered Level 4 of the Swamp
 29081 | Swamp:4  | Received a gift from Trog
 29816 | Swamp:4  | Reached skill level 10 in Dodging
 29999 | Swamp:4  | Noticed the 27-headed Lernaean hydra
 30011 | Swamp:4  | Killed the 23-headed Lernaean hydra
 30263 | Swamp:4  | Got a decaying rune of Zot
 30340 | Swamp:4  | Reached XP level 17. HP: 166/166 MP: 16/16
 30795 | Snake:1  | Entered Level 1 of the Snake Pit
 31005 | Snake:1  | Received a gift from Trog
 31325 | Snake:1  | Gained mutation: You are partially covered in thin metallic scales. (AC +2) [potion of beneficial mutation]
 33456 | Snake:3  | Noticed Vashnia
 33466 | Snake:3  | Shot with a bolt by Vashnia

Skill      XL: |  1  2  3  4  5  6  7  8  9 10 11 12 13 14 15 16 17 |
---------------+----------------------------------------------------+-----
Axes           | 4 5 8 9 11 13 16 18 19 20 | 20.0
Armour         | 6 10 13 15 17 19 20 | 20.2
Fighting       | 6 11 14 16 18 19 | 19.2
Dodging        | 5 10 11 | 11.5

Action                   |  1- 3 |  4- 6 |  7- 9 | 10-12 | 13-15 | 16-18 || total
-------------------------+-------+-------+-------+-------+-------+-------++-------
Melee: Hand axe          |    68 |   134 |       |       |       |       ||   202
       Headbutt          |     9 |    21 |    45 |   125 |   192 |   119 ||   511
       War axe           |       |     9 |   257 |   121 |       |       ||   387
       Broad axe         |       |       |       |   376 |       |       ||   376
       Battleaxe         |       |       |       |   152 |   852 |   547 ||  1551
Invok: Berserk           |       |     3 |     6 |     9 |    10 |     5 ||    33
       Trog's Hand       |       |       |       |     1 |     6 |     4 ||    11
       Brothers in Arms  |       |       |       |       |     4 |     1 ||     5
       Burn Spellbooks   |       |       |       |       |     1 |     1 ||     2
 Abil: Stop Flying       |       |       |       |     1 |       |       ||     1
       Evoke Flight      |       |       |       |       |       |     1 ||     1
Evoke: Wand              |       |       |       |     5 |       |       ||     5
  Use: Potion            |       |     2 |       |     4 |     1 |     3 ||    10
       Scroll            |       |       |       |    29 |     2 |     9 ||    40
  Eat: Chunk             |     1 |    10 |    20 |    38 |    46 |    19 ||   134
       Fruit             |       |       |     1 |     2 |       |       ||     3
       Royal jelly       |       |       |     1 |       |       |     3 ||     4
Armor: Animal skin       |    15 |    16 |    34 |    10 |       |       ||    75
       Plate armour      |       |       |       |   303 |   560 |   167 ||  1030
       Swamp dragon scal |       |       |       |       |       |   130 ||   130
Dodge: Dodged            |    60 |    98 |   134 |   200 |   366 |   429 ||  1287
